[Event "XXXI Torre Memorial 2019"]
[Site "Merida"]
[Date "2019.12.14"]
[Round "2.13"]
[White "Noboa Silva, Kevin"]
[Black "Fernandez De La Vara, Arnaldo"]
[Result "1/2-1/2"]
[ECO "E46"]
[WhiteElo "2306"]
[BlackElo "2463"]
[Annotator "ChessBase"]
[PlyCount "64"]
[EventDate "2019.12.13"]
[EventType "swiss"]
[EventCountry "MEX"]
[SourceTitle "playchess.com"]
[Source "ChessBase"]
[SourceQuality "1"]
[TimeControl "5400+30"]

1. d4 Nf6 2. c4 e6 3. Nc3 Bb4 4. e3 O-O 5. Nge2 d5 6. a3 Be7 7. Ng3 Re8 8. Qc2 c6 9. Be2 Nbd7 10. O-O g6 11. Rd1 dxc4 12. Bxc4 b5 13. Be2 Bb7 14. e4 Rc8 15. Bg5 Qb6 16. e5 Nd5 17. Bxe7 Rxe7 18. b4 a5 19. Qb2 axb4 20. axb4 f6 21. exf6 N7xf6 22. Nce4 Rf8 23. Nc5 Nf4 24. Re1 Bc8 25. Bf3 g5 26. Nge4 g4 27. Nxf6+ Rxf6 28. Bxg4 Rg7 29. Ra8 Qd8 30. Nxe6 Rxg4 31. Nxd8 Rxg2+ 32. Kh1 Rgg6 1/2-1/2

[Event "XXXI Torre Memorial 2019"]
[Site "Merida"]
[Date "2019.12.14"]
[Round "2.14"]
[White "Kevlishvili, Robby"]
[Black "Blanco Fernandez, Alvaro"]
[Result "1-0"]
[ECO "B32"]
[WhiteElo "2457"]
[BlackElo "2292"]
[Annotator "ChessBase"]
[PlyCount "81"]
[EventDate "2019.12.13"]
[EventType "swiss"]
[EventCountry "MEX"]
[SourceTitle "playchess.com"]
[Source "ChessBase"]
[SourceQuality "1"]
[TimeControl "5400+30"]

1. e4 c5 2. Nf3 Nc6 3. d4 cxd4 4. Nxd4 Qb6 5. Nb3 Nf6 6. Nc3 e6 7. a3 d6 8. Be3 Qc7 9. f4 a6 10. Qf3 Rb8 11. Bd3 b5 12. O-O b4 13. axb4 Nxb4 14. Na5 Nd7 15. Qe2 Be7 16. Bd4 O-O 17. Nd1 Bf6 18. Bxf6 Nxf6 19. Nf2 e5 20. fxe5 dxe5 21. Bc4 Nc6 22. Nxc6 Qxc6 23. b3 Rb6 24. Ra5 Be6 25. Bxa6 Qc3 26. Rfa1 Ra8 27. Qd3 Qc7 28. Bc4 Rd8 29. Bd5 Bxd5 30. exd5 Rb4 31. Ra8 Rbb8 32. Rxb8 Qxb8 33. c4 e4 34. Nxe4 Nxe4 35. Qxe4 Qb6+ 36. Kh1 Qxb3 37. Qd4 h5 38. d6 Qb7 39. c5 Qc6 40. Rd1 Rd7 41. Qd5 1-0

[Event "XXXI Torre Memorial 2019"]
[Site "Merida"]
[Date "2019.12.14"]
[Round "2.15"]
[White "Galaviz Medina, Sion Radamantys"]
[Black "Diaz Perez, Michel Alejandro"]
[Result "0-1"]
[ECO "D52"]
[WhiteElo "2299"]
[BlackElo "2455"]
[Annotator "ChessBase"]
[PlyCount "96"]
[EventDate "2019.12.13"]
[EventType "swiss"]
[EventCountry "MEX"]
[SourceTitle "playchess.com"]
[Source "ChessBase"]
[SourceQuality "1"]
[TimeControl "5400+30"]

1. d4 Nf6 2. Nf3 e6 3. c4 d5 4. Nc3 Nbd7 5. Bg5 c6 6. e3 Qa5 7. cxd5 Nxd5 8. Qb3 Bb4 9. Rc1 h6 10. Bh4 b6 11. Nd2 Ba6 12. Bxa6 Bxc3 13. bxc3 Qxa6 14. c4 Ne7 15. e4 Ng6 16. Bg3 Qa5 17. Qe3 e5 18. dxe5 Ndxe5 19. O-O Rd8 20. Rc2 O-O 21. f4 Ng4 22. Qe2 Qc5+ 23. Kh1 h5 24. Re1 f5 25. h3 h4 26. Bxh4 Nxf4 27. Qf3 Nd3 28. hxg4 Nxe1 29. Bxe1 fxe4 30. Qe2 Rd6 31. g5 Qxg5 32. Nxe4 Qh6+ 33. Kg1 Re6 34. c5 b5 35. Qd3 Qf4 36. Rf2 Qxe4 37. Rxf8+ Kxf8 38. Qd8+ Re8 39. Qd6+ Qe7 40. Bh4 Qxd6 41. cxd6 g5 42. Bxg5 Re1+ 43. Kf2 Rd1 44. Be3 Ke8 45. Bxa7 Rd2+ 46. Kf3 Rxa2 47. Bd4 b4 48. Ke4 Rxg2 0-1

[Event "XXXI Torre Memorial 2019"]
[Site "Merida"]
[Date "2019.12.14"]
[Round "2.16"]
[White "Della Morte, Pablo"]
[Black "Martinez Ramirez, Lennis"]
[Result "0-1"]
[ECO "C50"]
[WhiteElo "2295"]
[BlackElo "2454"]
[Annotator "ChessBase"]
[PlyCount "80"]
[EventDate "2019.12.13"]
[EventType "swiss"]
[EventCountry "MEX"]
[SourceTitle "playchess.com"]
[Source "ChessBase"]
[SourceQuality "1"]
[TimeControl "5400+30"]

1. e4 Nc6 2. Nf3 e5 3. Bc4 Nf6 4. d3 Bc5 5. O-O d6 6. c3 O-O 7. Nbd2 a6 8. Bb3 Ba7 9. h3 Kh8 10. Re1 Ng8 11. Nf1 f5 12. exf5 Bxf5 13. Ng3 Bg6 14. d4 h6 15. Be3 e4 16. Nd2 d5 17. Qg4 Nce7 18. f3 Nf6 19. Qh4 Bh7 20. Ngf1 Nf5 21. Qf2 c5 22. Rad1 Nxe3 23. Qxe3 cxd4 24. cxd4 Qb6 25. Nb1 exf3 26. Nc3 Ng4 27. hxg4 f2+ 28. Kh1 fxe1=Q 29. Qxe1 Rae8 30. Qd2 Qf6 31. Bxd5 Qh4+ 32. Kg1 Qxg4 33. Bxb7 Bc2 34. Nh2 Qg6 35. Rc1 Bd3 36. Nf3 Rxf3 37. Bxf3 Bxd4+ 38. Kh1 Qg3 39. Bg4 Qxg4 40. Qxd3 Re3 0-1

[Event "XXXI Torre Memorial 2019"]
[Site "Merida"]
[Date "2019.12.14"]
[Round "2.17"]
[White "Fernandez Cardoso, Alexey"]
[Black "Fernandez Bustamante, Leancy B."]
[Result "1/2-1/2"]
[ECO "B28"]
[WhiteElo "2441"]
[BlackElo "2069"]
[Annotator "NA"]
[PlyCount "82"]
[EventDate "2019.12.13"]
[EventType "swiss"]
[EventCountry "MEX"]
[SourceTitle "playchess.com"]
[Source "ChessBase"]
[SourceQuality "1"]
[TimeControl "5400+30"]

1. e4 c5 2. Nf3 a6 3. Nc3 b5 4. d4 cxd4 5. Nxd4 Bb7 6. Bd3 g6 7. f4 Bg7 8. Nf3 Nf6 9. e5 Ng4 10. h3 Nh6 11. Be4 Bxe4 12. Nxe4 O-O 13. Be3 Nf5 14. Bf2 d5 15. Nc5 Qa5+ 16. c3 b4 17. Nb3 Qb5 18. g4 bxc3 19. gxf5 cxb2 20. Rb1 Qb4+ 21. Kf1 Qxf4 22. Qxd5 Nd7 23. Rxb2 Nxe5 24. Nxe5 Rad8 25. Qf3 Qxf3 26. Nxf3 Bxb2 27. fxg6 hxg6 28. Ke2 Rd5 29. Rb1 Bg7 30. Nc5 Rc8 31. Nxa6 Rc2+ 32. Kf1 Rxa2 33. Rb8+ Kh7 34. Nb4 Ra1+ 35. Kg2 Rf5 36. Nc6 Bf6 37. Rb7 Ra3 38. Nh2 Ra2 39. Nf3 Ra3 40. Nh2 Ra2 41. Nf3 Ra3 1/2-1/2

[Event "XXXI Torre Memorial 2019"]
[Site "Merida"]
[Date "2019.12.14"]
[Round "2.18"]
[White "Ibarra Chami, Luis Fernando"]
[Black "Fernandez Rivero, Karla July"]
[Result "1-0"]
[ECO "A28"]
[WhiteElo "2423"]
[BlackElo "2046"]
[Annotator "NA"]
[PlyCount "101"]
[EventDate "2019.12.13"]
[EventType "swiss"]
[EventCountry "MEX"]
[SourceTitle "playchess.com"]
[Source "ChessBase"]
[SourceQuality "1"]
[TimeControl "5400+30"]

1. c4 e5 2. Nc3 Nf6 3. Nf3 Nc6 4. e4 Bb4 5. d3 a5 6. Be2 O-O 7. O-O h6 8. Nd5 Re8 9. Nxb4 axb4 10. h3 Qe7 11. Bd2 Nd8 12. Qe1 c5 13. Nh4 d6 14. f4 Nc6 15. Qg3 Nd4 16. Bd1 Kh7 17. Be3 b5 18. fxe5 dxe5 19. cxb5 Bd7 20. Bxd4 cxd4 21. Nf5 Bxf5 22. Rxf5 g6 23. Rf2 Kg7 24. Kh2 Reb8 25. Bb3 Rxb5 26. Raf1 Rb6 27. Qf3 Rg8 28. g4 Rc6 29. Qg3 Rf8 30. Kg2 Rfc8 31. h4 Rf8 32. Rf3 h5 33. g5 Ng4 34. Rxf7+ Rxf7 35. Rxf7+ Qxf7 36. Bxf7 Kxf7 37. Qf3+ Ke7 38. Kg3 Rc2 39. Qf1 Ke8 40. Qb1 Ne3 41. a4 Rg2+ 42. Kh3 b3 43. a5 Rf2 44. a6 Rf3+ 45. Kh2 Rf2+ 46. Kg1 Rf7 47. Qa1 Ra7 48. Qa5 Rf7 49. Qxe5+ Kf8 50. Qh8+ Ke7 51. Qf6+ 1-0

[Event "XXXI Torre Memorial 2019"]
[Site "Merida"]
[Date "2019.12.14"]
[Round "2.19"]
[White "Miranda Llanes, Yerisbel"]
[Black "Fernandez Guillen, Ernesto J."]
[Result "0-1"]
[ECO "E11"]
[WhiteElo "2280"]
[BlackElo "2407"]
[Annotator "NA"]
[PlyCount "82"]
[EventDate "2019.12.13"]
[EventType "swiss"]
[EventCountry "MEX"]
[SourceTitle "playchess.com"]
[Source "ChessBase"]
[SourceQuality "1"]
[TimeControl "5400+30"]

1. d4 Nf6 2. c4 e6 3. Nf3 Bb4+ 4. Nbd2 O-O 5. a3 Bxd2+ 6. Qxd2 b6 7. e3 Bb7 8. Be2 c5 9. O-O Qe7 10. b3 cxd4 11. Nxd4 d5 12. Bb2 Rd8 13. Qb4 Qe8 14. Rac1 Na6 15. Qb5 Qf8 16. b4 Nc7 17. Qa4 dxc4 18. Bxc4 a6 19. Be2 Ncd5 20. Qb3 Rac8 21. Rfd1 Qe7 22. Bf3 b5 23. Rxc8 Rxc8 24. Qd3 Nb6 25. Bxb7 Qxb7 26. Nb3 Na4 27. Bxf6 gxf6 28. Qd4 Nc3 29. Qg4+ Kf8 30. Nc5 Nxd1 31. Qxd1 Qd5 32. Qc2 Rd8 33. h3 Qd1+ 34. Qxd1 Rxd1+ 35. Kh2 Rd6 36. Kg3 Rc6 37. Kf4 Ke7 38. Ke4 Kd6 39. Nb7+ Kc7 40. Nc5 Rxc5 41. bxc5 Kc6 0-1

[Event "XXXI Torre Memorial 2019"]
[Site "Merida"]
[Date "2019.12.15"]
[Round "3.1"]
[White "Hevia Alejano, Carlos Antonio"]
[Black "Cordova, Emilio"]
[Result "1/2-1/2"]
[ECO "E19"]
[WhiteElo "2465"]
[BlackElo "2585"]
[Annotator "ChessBase"]
[PlyCount "51"]
[EventDate "2019.12.13"]
[EventType "swiss"]
[EventCountry "MEX"]
[SourceTitle "playchess.com"]
[Source "ChessBase"]
[SourceQuality "1"]
[TimeControl "5400+30"]

1. d4 Nf6 2. Nf3 e6 3. c4 b6 4. g3 Bb7 5. Bg2 Be7 6. O-O O-O 7. Nc3 Ne4 8. Qc2 Nxc3 9. Qxc3 Be4 10. Bf4 d6 11. Ne1 Bxg2 12. Nxg2 Nc6 13. d5 Bf6 14. Qd2 Ne5 15. Rac1 Re8 16. Bxe5 Bxe5 17. b3 Bf6 18. h4 Qd7 19. e3 c6 20. dxc6 Qxc6 21. Rfd1 Red8 22. Qe2 Rac8 23. a4 g6 24. Nf4 a6 25. Qf1 h5 26. Qg2 1/2-1/2

[Event "XXXI Torre Memorial 2019"]
[Site "Merida"]
[Date "2019.12.15"]
[Round "3.2"]
[White "Kevlishvili, Robby"]
[Black "Albornoz Cabrera, Carlos Daniel"]
[Result "1-0"]
[ECO "C96"]
[WhiteElo "2457"]
[BlackElo "2555"]
[Annotator "ChessBase"]
[PlyCount "75"]
[EventDate "2019.12.13"]
[EventType "swiss"]
[EventCountry "MEX"]
[SourceTitle "playchess.com"]
[Source "ChessBase"]
[SourceQuality "1"]
[TimeControl "5400+30"]

1. e4 e5 2. Nf3 Nc6 3. Bb5 a6 4. Ba4 Nf6 5. O-O Be7 6. Re1 b5 7. Bb3 d6 8. c3 O-O 9. h3 Na5 10. Bc2 c5 11. d4 Nd7 12. Nbd2 exd4 13. cxd4 Nc6 14. d5 Nce5 15. Rb1 Nxf3+ 16. Nxf3 Bf6 17. b4 cxb4 18. Nd4 Bxd4 19. Qxd4 Qc7 20. Bb2 f6 21. Rec1 Qa5 22. Ba1 Ne5 23. Rxb4 Bd7 24. f4 Ng6 25. Rf1 Qxa2 26. Bb1 Qa5 27. Rb3 Rac8 28. Bc3 Qa4 29. Rb4 Qa3 30. Bd2 Nh4 31. Bd3 Qa2 32. Rb2 Qa3 33. Bb4 Qa4 34. Qf2 Ng6 35. Bc2 Rxc2 36. Qxc2 Re8 37. Qc7 Rxe4 38. Qxd7 1-0

[Event "XXXI Torre Memorial 2019"]
[Site "Merida"]
[Date "2019.12.15"]
[Round "3.3"]
[White "Diaz Perez, Michel Alejandro"]
[Black "Almeida Quintana, Omar"]
[Result "1/2-1/2"]
[ECO "A41"]
[WhiteElo "2455"]
[BlackElo "2554"]
[Annotator "ChessBase"]
[PlyCount "73"]
[EventDate "2019.12.13"]
[EventType "swiss"]
[EventCountry "MEX"]
[SourceTitle "playchess.com"]
[Source "ChessBase"]
[SourceQuality "1"]
[TimeControl "5400+30"]

1. d4 d6 2. c4 e5 3. dxe5 dxe5 4. Qxd8+ Kxd8 5. Nc3 Be6 6. Nf3 f6 7. e4 Nd7 8. Be2 c6 9. Be3 Ne7 10. O-O Nc8 11. Na4 Ncb6 12. Nxb6 axb6 13. a3 Bc5 14. Bd2 Kc7 15. Bc3 Bg4 16. Rfd1 Nf8 17. b4 Bd6 18. Kf1 Ne6 19. Nh4 Bxe2+ 20. Kxe2 g6 21. a4 Ra7 22. Ra2 Nd4+ 23. Bxd4 exd4 24. b5 Rha8 25. Rxd4 Be5 26. Rd3 Rxa4 27. Rad2 cxb5 28. Rd7+ Kc6 29. cxb5+ Kxb5 30. Nf3 Rxe4+ 31. Kd3 Rb4 32. Nxe5 fxe5 33. Rxb7 Rd8+ 34. Ke3 Rxd2 35. Kxd2 Rg4 36. h3 Rf4 37. Ke3 1/2-1/2

[Event "XXXI Torre Memorial 2019"]
[Site "Merida"]
[Date "2019.12.15"]
[Round "3.4"]
[White "Martinez Ramirez, Lennis"]
[Black "Ortiz Suarez, Isan Reynaldo"]
[Result "1-0"]
[ECO "A58"]
[WhiteElo "2454"]
[BlackElo "2549"]
[Annotator "RC"]
[PlyCount "180"]
[EventDate "2019.12.13"]
[EventType "swiss"]
[EventCountry "MEX"]
[SourceTitle "playchess.com"]
[Source "ChessBase"]
[SourceQuality "1"]
[TimeControl "5400+30"]

1. d4 Nf6 2. c4 c5 3. d5 b5 4. cxb5 a6 5. bxa6 g6 6. Nc3 Bg7 7. e4 O-O 8. Nf3 Qa5 9. Nd2 Bxa6 10. Bxa6 Qxa6 11. a4 e6 12. Nb5 Qb7 13. dxe6 fxe6 14. Qe2 Na6 15. O-O Qc6 16. e5 Nd5 17. Nc4 Nac7 18. Nxc7 Nxc7 19. a5 Nd5 20. Ra3 Rfb8 21. h4 Qa6 22. h5 Rb4 23. b3 Nc3 24. Qe3 Nb5 25. hxg6 hxg6 26. Qxc5 Nxa3 27. Qxb4 Nxc4 28. bxc4 Qxa5 29. Qd6 Qa4 30. Qd3 Kh7 31. Bf4 Rf8 32. Bg3 Rc8 33. Rc1 Bh6 34. Rc3 Qc6 35. Ra3 Rc7 36. Rc3 Qc5 37. Kh2 Bg7 38. Qe4 Rc8 39. Qh4+ Kg8 40. Qg5 Qd4 41. Rf3 Qe4 42. Rf4 Qd3 43. f3 Rf8 44. Re4 Kf7 45. Rf4+ Kg8 46. Rh4 Rf7 47. Re4 Kh7 48. Qh4+ Kg8 49. Rd4 Qe2 50. Qd8+ Bf8 51. Rg4 Rh7+ 52. Rh4 Rxh4+ 53. Qxh4 Qd3 54. Qf4 Qf5 55. Qd4 Qf7 56. Bh4 Bg7 57. Bf6 Bxf6 58. exf6 g5 59. Kg3 Kh7 60. f4 gxf4+ 61. Kxf4 Kg6 62. c5 Qf8 63. Kf3 Kf7 64. g4 Qa8+ 65. Qe4 Qa3+ 66. Qe3 Qa1 67. g5 Qd1+ 68. Kg3 Qd5 69. Kh4 Kg6 70. Kg3 Kf7 71. Kf2 Qa2+ 72. Qe2 Qd5 73. Qe3 Qf5+ 74. Ke1 Qb1+ 75. Kd2 Qb2+ 76. Ke1 Qb1+ 77. Ke2 Qc2+ 78. Qd2 Qe4+ 79. Kf2 Qh4+ 80. Kf3 Qh3+ 81. Ke2 Qg2+ 82. Kd1 Qf1+ 83. Kc2 Qc4+ 84. Qc3 Qa2+ 85. Kd3 Qd5+ 86. Qd4 Qf5+ 87. Kc4 Qd5+ 88. Kd3 Qb3+ 89. Ke4 Qc2+ 90. Ke5 Qh2+ {Kf4 Qc2} 1-0

[Event "XXXI Torre Memorial 2019"]
[Site "Merida"]
[Date "2019.12.15"]
[Round "3.9"]
[White "Morales Romero, Pedro"]
[Black "Ramirez, Alejandro"]
[Result "0-1"]
[ECO "B41"]
[WhiteElo "2328"]
[BlackElo "2589"]
[Annotator "ChessBase"]
[PlyCount "84"]
[EventDate "2019.12.13"]
[EventType "swiss"]
[EventCountry "MEX"]
[SourceTitle "playchess.com"]
[Source "ChessBase"]
[SourceQuality "1"]
[TimeControl "5400+30"]

1. e4 c5 2. Nf3 e6 3. d4 cxd4 4. Nxd4 a6 5. c4 Nf6 6. Nc3 d6 7. Be2 b6 8. f4 Bb7 9. Bf3 Qc7 10. O-O Be7 11. Be3 Nbd7 12. Rc1 Rc8 13. f5 e5 14. Nd5 Qd8 15. Ne6 fxe6 16. fxe6 Nc5 17. b4 Nxe6 18. Bh5+ Nxh5 19. Qxh5+ g6 20. Qf3 Rf8 21. Qh3 Bxd5 22. cxd5 Rxf1+ 23. Rxf1 Nf4 24. Qxh7 Kd7 25. Bxf4 exf4 26. Qxg6 Qh8 27. Qe6+ Kd8 28. e5 Qf8 29. g3 f3 30. exd6 Bxd6 31. Qe3 Kc7 32. Rxf3 Qe7 33. Qxe7+ Bxe7 34. Rc3+ Kd7 35. Rxc8 Kxc8 36. Kg2 Bxb4 37. Kf3 Kd7 38. g4 Be7 39. Ke4 b5 40. Kd4 Kd6 41. Ke4 a5 42. Kf5 b4 0-1

[Event "XXXI Torre Memorial 2019"]
[Site "Merida"]
[Date "2019.12.15"]
[Round "3.11"]
[White "Figueredo Losada, Leonel"]
[Black "Rodriguez Vila, Andres"]
[Result "0-1"]
[ECO "A85"]
[WhiteElo "2381"]
[BlackElo "2463"]
[Annotator "ChessBase"]
[PlyCount "72"]
[EventDate "2019.12.13"]
[EventType "swiss"]
[EventCountry "MEX"]
[SourceTitle "playchess.com"]
[Source "ChessBase"]
[SourceQuality "1"]
[TimeControl "5400+30"]

1. d4 f5 2. c4 Nf6 3. Nc3 g6 4. Nf3 Bg7 5. Bf4 h6 6. e3 d6 7. Qb3 g5 8. Bg3 O-O 9. c5+ d5 10. h4 g4 11. Ne5 e6 12. h5 Nc6 13. Nxc6 bxc6 14. Qa4 Bd7 15. f3 Be8 16. Qa5 gxf3 17. gxf3 Nxh5 18. Bxc7 Qg5 19. f4 Qg3+ 20. Kd2 Qf2+ 21. Be2 Ng3 22. Bd6 Rf7 23. Rhg1 Rb7 24. b3 Kh7 25. Qa6 Rb4 26. Qd3 a5 27. Rxg3 Qxg3 28. Na4 Qh2 29. Nb6 Ra7 30. Kc3 Bf6 31. a3 Rb5 32. Qd2 Rg7 33. Bxb5 Rg2 34. Qd3 cxb5 35. Rd1 Bh4 36. Rc1 Ra2 0-1

[Event "XXXI Torre Memorial 2019"]
[Site "Merida"]
[Date "2019.12.15"]
[Round "3.12"]
[White "Fernandez De La Vara, Arnaldo"]
[Black "Drazic, Sinisa"]
[Result "1-0"]
[ECO "E19"]
[WhiteElo "2463"]
[BlackElo "2371"]
[Annotator "ChessBase"]
[PlyCount "50"]
[EventDate "2019.12.13"]
[EventType "swiss"]
[EventCountry "MEX"]
[SourceTitle "playchess.com"]
[Source "ChessBase"]
[SourceQuality "1"]
[TimeControl "5400+30"]

1. Nf3 Nf6 2. c4 e6 3. g3 a6 4. Bg2 b5 5. b3 c5 6. O-O Bb7 7. Nc3 b4 8. Na4 Be7 9. a3 bxa3 10. d4 cxd4 11. Bxa3 Bxa3 12. Rxa3 e5 13. Nxe5 Bxg2 14. Kxg2 Qe7 15. Qxd4 Qxa3 16. Nb6 Qxb3 17. Qc5 d6 18. Qc8+ Ke7 19. Qb7+ Ke6 20. Nf3 Qb2 21. Rb1 Qxb6 22. Qxb6 Rc8 23. Qe3+ Kd7 24. Rb7+ Rc7 25. Qb6 Ng8 1-0

[Event "XXXI Torre Memorial 2019"]
[Site "Merida"]
[Date "2019.12.15"]
[Round "3.13"]
[White "Berdayes Ason, Dylan Isidro"]
[Black "Noboa Silva, Kevin"]
[Result "1-0"]
[ECO "C09"]
[WhiteElo "2448"]
[BlackElo "2306"]
[Annotator "NA"]
[PlyCount "109"]
[EventDate "2019.12.13"]
[EventType "swiss"]
[EventCountry "MEX"]
[SourceTitle "playchess.com"]
[Source "ChessBase"]
[SourceQuality "1"]
[TimeControl "5400+30"]

1. e4 e6 2. d4 d5 3. Nd2 c5 4. exd5 exd5 5. Ngf3 Nc6 6. Bb5 Qe7+ 7. Be2 Qc7 8. O-O Nf6 9. Re1 cxd4 10. Bb5+ Be7 11. Nxd4 O-O 12. N2f3 Bg4 13. Be2 Rae8 14. Be3 Bc5 15. c3 Bxf3 16. Bxf3 Nxd4 17. cxd4 Bd6 18. g3 Qb6 19. Qb3 Qxb3 20. axb3 a6 21. Kf1 h6 22. Ke2 Rc8 23. Rec1 Rfe8 24. Kd3 Rcd8 25. Rc2 Ne4 26. Bg4 Rf8 27. Bf5 Rfe8 28. Rac1 Bb8 29. Rc8 Nd6 30. Rxd8 Rxd8 31. Bh3 Ba7 32. Bf4 Ne4 33. Rc2 g5 34. Be5 Bb8 35. f3 Nd6 36. Rc5 f6 37. Bxf6 Rf8 38. Be6+ Kh7 39. Be5 Rxf3+ 40. Kc2 Nb5 41. Bxd5 Bxe5 42. Bxf3 Nxd4+ 43. Kd3 Nxf3 44. Ke4 Bxb2 45. Kxf3 b5 46. Rc6 a5 47. Rb6 b4 48. Ra6 h5 49. h3 Bc3 50. Rxa5 Kg6 51. g4 hxg4+ 52. hxg4 Kf6 53. Ke4 Bd2 54. Ra6+ Kf7 55. Kf5 1-0

[Event "XXXI Torre Memorial 2019"]
[Site "Merida"]
[Date "2019.12.15"]
[Round "3.14"]
[White "Amaro Alfonso, Raynner"]
[Black "Fernandez Cardoso, Alexey"]
[Result "1/2-1/2"]
[ECO "D00"]
[WhiteElo "2296"]
[BlackElo "2441"]
[Annotator "NA"]
[PlyCount "86"]
[EventDate "2019.12.13"]
[EventType "swiss"]
[EventCountry "MEX"]
[SourceTitle "playchess.com"]
[Source "ChessBase"]
[SourceQuality "1"]
[TimeControl "5400+30"]

1. d4 d5 2. Bf4 Nf6 3. e3 c6 4. c3 Bf5 5. h3 Nbd7 6. Nf3 e6 7. Nbd2 Be7 8. Be2 O-O 9. O-O Ne4 10. Nxe4 Bxe4 11. Nd2 Bg6 12. c4 Re8 13. Qb3 Qb6 14. Qc3 Bb4 15. Qc1 e5 16. dxe5 Nxe5 17. Bxe5 Rxe5 18. Nf3 Ree8 19. a3 Bd6 20. cxd5 cxd5 21. Qd2 Rad8 22. Rfd1 h6 23. Rac1 Bb8 24. Qd4 Qd6 25. Qb4 Qf6 26. Qxb7 Be4 27. Qb4 Re6 28. Qd4 Qe7 29. Kf1 Rg6 30. b4 f5 31. b5 f4 32. Rc6 Rxc6 33. bxc6 fxe3 34. Qxe3 Qf6 35. Qc5 Rc8 36. Nd2 Rxc6 37. Nxe4 Rxc5 38. Nxf6+ gxf6 39. Bf3 Kf8 40. Bxd5 Ke7 41. Rd3 Rc1+ 42. Ke2 Rc2+ 43. Kf3 Bd6 1/2-1/2

[Event "XXXI Torre Memorial 2019"]
[Site "Merida"]
[Date "2019.12.15"]
[Round "3.15"]
[White "Alvarez Pedraza, Aramis"]
[Black "Limon Olmos, Ivan Alonso"]
[Result "1-0"]
[ECO "D02"]
[WhiteElo "2429"]
[BlackElo "2151"]
[Annotator "NA"]
[PlyCount "105"]
[EventDate "2019.12.13"]
[EventType "swiss"]
[EventCountry "MEX"]
[SourceTitle "playchess.com"]
[Source "ChessBase"]
[SourceQuality "1"]
[TimeControl "5400+30"]

1. d4 d5 2. Nf3 Nf6 3. c4 e6 4. cxd5 exd5 5. Nc3 c6 6. Bf4 Bd6 7. Bg3 O-O 8. e3 Qe7 9. Bd3 Bg4 10. Qb3 Bxf3 11. gxf3 b6 12. O-O-O Nh5 13. e4 Bf4+ 14. Kb1 dxe4 15. Bxe4 Bxg3 16. hxg3 Nf6 17. d5 Nxe4 18. Nxe4 c5 19. d6 Qe6 20. Qxe6 fxe6 21. Ng5 Rf5 22. f4 e5 23. Rxh7 Rxg5 24. Rdh1 exf4 25. Rh8+ Kf7 26. d7 Nxd7 27. Rxa8 fxg3 28. fxg3 Rxg3 29. Rxa7 Rd3 30. Kc2 Rd4 31. Rd1 Rxd1 32. Kxd1 Ke6 33. Ke2 g5 34. Rb7 Kd6 35. Ke3 Kc6 36. Ra7 Ne5 37. Ke4 Nc4 38. b3 Nd6+ 39. Kd3 Kd5 40. Rg7 Ne4 41. a4 Nf2+ 42. Ke2 Ne4 43. Ke3 Nd6 44. Rxg5+ Kc6 45. Rg6 Kd5 46. Kd3 b5 47. a5 c4+ 48. Kc3 Kc5 49. b4+ Kd5 50. a6 Nc8 51. Rg8 Nb6 52. a7 Na4+ 53. Kc2 1-0

[Event "XXXI Torre Memorial 2019"]
[Site "Merida"]
[Date "2019.12.15"]
[Round "3.17"]
[White "Quesada Perez, Yasser"]
[Black "Luna Javier, Edgar Froylan"]
[Result "1-0"]
[ECO "A28"]
[WhiteElo "2582"]
[BlackElo "2112"]
[Annotator "ChessBase"]
[PlyCount "67"]
[EventDate "2019.12.13"]
[EventType "swiss"]
[EventCountry "MEX"]
[SourceTitle "playchess.com"]
[Source "ChessBase"]
[SourceQuality "1"]
[TimeControl "5400+30"]

1. c4 e5 2. Nc3 Nf6 3. Nf3 Nc6 4. e3 d5 5. cxd5 Nxd5 6. Bb5 Nxc3 7. bxc3 Bd6 8. d4 Bd7 9. O-O e4 10. Nd2 Qg5 11. Qe2 O-O 12. Nxe4 Bxh2+ 13. Kxh2 Qh4+ 14. Kg1 Qxe4 15. Bd3 Qh4 16. f3 f5 17. Qf2 Qh5 18. Qg3 Rac8 19. Bd2 Ne7 20. Rab1 Bc6 21. e4 b6 22. d5 Bb7 23. c4 Rf6 24. e5 Rff8 25. e6 Ng6 26. f4 Rcd8 27. Rfe1 Rfe8 28. Bb4 b5 29. Ba3 a6 30. Bc2 Ba8 31. Rbd1 Ne7 32. d6 cxd6 33. Bxd6 Bc6 34. Bxe7 1-0

[Event "XXXI Torre Memorial 2019"]
[Site "Merida"]
[Date "2019.12.15"]
[Round "3.18"]
[White "Obregon Rivero, Juan Carlos"]
[Black "Miranda Llanes, Yerisbel"]
[Result "1-0"]
[ECO "B10"]
[WhiteElo "2513"]
[BlackElo "2280"]
[Annotator "ChessBase"]
[PlyCount "81"]
[EventDate "2019.12.13"]
[EventType "swiss"]
[EventCountry "MEX"]
[SourceTitle "playchess.com"]
[Source "ChessBase"]
[SourceQuality "1"]
[TimeControl "5400+30"]

1. c4 c6 2. e4 d5 3. exd5 cxd5 4. cxd5 Qxd5 5. Nc3 Qd8 6. d4 e6 7. Nf3 Nf6 8. Bd3 Be7 9. O-O O-O 10. Re1 b6 11. a3 Bb7 12. Bc2 Nd5 13. Qd3 g6 14. h4 Nxc3 15. bxc3 Bxh4 16. Bh6 Re8 17. Ba4 Bxf3 18. Qxf3 Nd7 19. g3 Be7 20. Qb7 Nf6 21. Bxe8 Nxe8 22. Qf3 Nd6 23. d5 exd5 24. Rad1 Bf8 25. Bxf8 Qxf8 26. Rxd5 Rc8 27. Qf6 Ne8 28. Qd4 Nc7 29. Rd7 Ne6 30. Qf6 Rc7 31. Red1 Rxd7 32. Rxd7 a6 33. c4 Qe8 34. Rd6 Qa4 35. Rxb6 Qxa3 36. Rb7 Qf8 37. Qe5 Qa3 38. c5 Qc1+ 39. Kg2 Qc4 40. Rb8+ Nf8 41. Qd6 1-0

[Event "XXXI Torre Memorial 2019"]
[Site "Merida"]
[Date "2019.12.15"]
[Round "4.3"]
[White "Ramirez, Alejandro"]
[Black "Fernandez De La Vara, Arnaldo"]
[Result "0-1"]
[ECO "E12"]
[WhiteElo "2589"]
[BlackElo "2463"]
[Annotator "RC"]
[PlyCount "29"]
[EventDate "2019.12.13"]
[EventType "swiss"]
[EventCountry "MEX"]
[SourceTitle "playchess.com"]
[Source "ChessBase"]
[SourceQuality "1"]
[TimeControl "5400+30"]

1. d4 Nf6 2. c4 e6 3. Nf3 b6 4. Bf4 Bb7 5. e3 Bb4+ 6. Nbd2 O-O 7. Be2 d6 8. O-O Bxd2 9. Nxd2 Nbd7 10. h3 e5 11. Bh2 a5 12. c5 dxc5 13. Rc1 Qe7 14. Bf3 e4 15. Bg4 0-1

[Event "XXXI Torre Memorial 2019"]
[Site "Merida"]
[Date "2019.12.15"]
[Round "4.12"]
[White "Ortiz Suarez, Isan Reynaldo"]
[Black "Garcia Matos, Richard Alejandro"]
[Result "1-0"]
[ECO "D78"]
[WhiteElo "2549"]
[BlackElo "2330"]
[Annotator "RC"]
[PlyCount "61"]
[EventDate "2019.12.13"]
[EventType "swiss"]
[EventCountry "MEX"]
[SourceTitle "playchess.com"]
[Source "ChessBase"]
[SourceQuality "1"]
[TimeControl "5400+30"]

1. c4 c6 2. Nf3 Nf6 3. g3 d5 4. Bg2 g6 5. O-O Bg7 6. d4 O-O 7. Nbd2 dxc4 8. Nxc4 Be6 9. Qc2 h6 10. Bd2 Nbd7 11. Na5 Qc8 12. e4 Re8 13. Rac1 Bg4 14. Rfe1 Nh7 15. Be3 Ndf8 16. Qb3 Qc7 17. Qb4 Qb6 18. Qd2 Ng5 19. Nxg5 hxg5 20. b4 Nh7 21. d5 Qb5 22. Rc5 Qa4 23. Nxb7 cxd5 24. exd5 Qa3 25. Rec1 Rec8 26. h3 Bf5 27. g4 Bd7 28. d6 exd6 29. Nxd6 Rxc5 30. bxc5 Rd8 31. Nb7 1-0